 Dungeon Crawl Stone Soup version 0.26.1-11-gd32895ea62 (webtiles) character file.

Game seed: 11327813261189868971

242 Zeld the Cudgeller (level 5, -1/46 HPs)
             Began as a Draconian Gladiator on Aug 31, 2021.
             Killed from afar by an orc wizard (5 damage)
             ... with a magic dart
             ... on level 3 of the Dungeon.
             The game lasted 00:07:04 (4486 turns).

Zeld the Cudgeller (Draconian Gladiator)            Turns: 4486, Time: 00:07:05

Health: -1/46      AC:  5    Str: 17    XL:     5   Next: 81%
Magic:  5/5        EV: 13    Int:  9    God:
Gold:   147        SH:  0    Dex: 12    Spells: 4/4 levels left

rFire    . . .     SeeInvis .   a - +0 flail
rCold    . . .     Faith    .   (no shield)
rNeg     . . .     Spirit   .   (armour unavailable)
rPois    .         Reflect  .   b - +0 hat
rElec    .         Harm     .   (no cloak)
rCorr    .         Rampage  .   (no gloves)
Will     .....                  (no boots)
Stlth    ++........             (no amulet)
HPRegen  0.15/turn              (no ring)
MPRegen  0.09/turn              (no ring)

@: no status effects
A: unfitting armour, cold-blooded, AC +5
a: no special abilities


You were on level 3 of the Dungeon.
You visited 1 branch of the dungeon, and saw 4 of its levels.

You collected 147 gold pieces.

Inventory:

Hand Weapons
 a - a +0 flail (weapon)
Missiles
 c - 3 throwing nets
 d - 101 stones (quivered)
 n - 3 boomerangs
Armour
 b - a +0 hat (worn)
Wands
 o - a wand of random effects (18)
Scrolls
 f - a scroll of fog {unknown}
 h - 3 scrolls of blinking {unknown}
 i - 3 scrolls of identify {unknown}
 j - 2 scrolls of remove curse {unknown}
 m - a scroll of magic mapping {unknown}
 p - a scroll of noise {unknown}
Potions
 e - a potion of magic {unknown}
 g - a potion of curing {unknown}
 k - 2 potions of resistance {unknown}
 l - a potion of heal wounds {unknown}


   Skills:
 * Level 3.9 Fighting
 * Level 4.1 Maces & Flails
 * Level 3.1 Throwing
 + Level 3.3 Dodging
 + Level 1.6 Stealth


You had 4 spell levels left.
You didn't know any spells.
Your spell library was empty.

Dungeon Overview and Level Annotations

Branches:
Dungeon (4/15)
 Temple: D:4-7

Altars:
Dithmenos
Okawaru


Innate Abilities, Weirdness & Mutations

Your plain brown scales are hard. (AC +5)
You cannot fit into any form of body armour.
You are cold-blooded and may be slowed by cold attacks.


Message History

The orc wizard blinks!
Something hits you but does no damage. x2
The orc wizard hits you with a +0 dagger.
Something hits you but does no damage.
The orc wizard hits you with a +0 dagger.
Something barely misses you. The orc wizard casts a spell at you.
The magic dart hits you!
You hear some strange, mumbled words.
A puff of flame appears from out of thin air!
The puff of flame hits you!
* * * LOW HITPOINT WARNING * * *
You barely miss the orc wizard. The orc wizard barely misses you.
You hit the orc wizard.
The orc wizard is moderately wounded.
The orc wizard hits you but does no damage.
You closely miss something.
You hear some strange, mumbled words.
A magic dart appears from out of thin air!
The magic dart hits you.
You die...

#.###.#.#.....###..........(.....
#.....#........####..............
...######......# #.####.........
...............# #.#########)###
...######......# #........>.....
...##..........# #######........
...##........#.# #........
.(.##........#.##########........
...##.........o{@................
...##........####.....###########
############># #.....#
############'## #.....#
............<.# #.....#
##########....# #....)#
##............# #.....#
#########.....# ####### .....#
#.....#


You could see an orc wizard (fast).

Vanquished Creatures
  An orc priest (D:2)
  Terence (D:3)
  2 iguanas
  5 adders
  An ooze (D:2)
  An adder skeleton (D:3)
  2 worms
  2 leopard geckos (D:2)
  6 orcs
  4 bats
  4 giant cockroaches
  8 goblins
  6 hobgoblins
  6 jackals
  5 kobolds
  3 quokkas (D:2)
  3 ball pythons (D:1)
  2 frilled lizards
  10 rats
72 creatures vanquished.

Notes
Turn   | Place    | Note
-------+----------+-------------------------------------------
     0 | D:1      | Zeld the Draconian Gladiator began the quest for the Orb.
     0 | D:1      | Reached XP level 1. HP: 17/17 MP: 1/1
   115 | D:1      | Reached XP level 2. HP: 13/25 MP: 2/2
  1181 | D:2      | Reached XP level 3. HP: 30/30 MP: 3/3
  1720 | D:2      | Reached XP level 4. HP: 38/38 MP: 4/4
  2141 | D:2      | Reached skill level 1 in Stealth
  2989 | D:2      | Reached XP level 5. HP: 11/45 MP: 5/5
  3268 | D:3      | Found a shadowy altar of Dithmenos.
  3268 | D:3      | Found an iron altar of Okawaru.
  3880 | D:3      | Noticed Terence
  3891 | D:3      | Killed Terence
  3892 | D:3      | Reached skill level 4 in Maces & Flails
  4486 | D:3      | Killed from afar by an orc wizard

Illustrated notes

Levels and vault maps discovered:
D:1:      amcnicky_arrival_feature_with_door, layout_loops_ring
D:2:      layout_basic
D:3:      layout_basic, gammafunk_temple_overflow_elements, uniq_terence
D:4:      layout_loops_cross, serial_park_tiny_2, uniq_grinder

Skill      XL: |  1  2  3  4  5 |
---------------+----------------+-----
Throwing       | 2 3 |  3.1
Fighting       | 3 |  3.9
Dodging        | 3 |  3.3
Stealth        | 1 |  1.6
Maces & Flails | 4 |  4.1

Action                   |  1- 3 |  4- 6 || total
-------------------------+-------+-------++-------
Melee: Flail             |    93 |   170 ||   263
       Tailslap          |     7 |    20 ||    27
Throw: Stone             |       |    14 ||    14
 Stab: Sleeping          |       |     2 ||     2
Armor: Skin              |    34 |    66 ||   100
Dodge: Dodged            |    99 |   122 ||   221
